 Dungeon Crawl Stone Soup version 0.32-a0-131-g9dbbe29261 (webtiles) character file.

Game seed: 3507648012778574131

156 Ceno the Sneak (level 5, -1/42 HPs)
             Began as a Naga Ice Elementalist on Feb 9, 2024.
             Was an Initiate of Vehumet.
             Slain by Grinder (8 damage)
             ... on level 4 of the Dungeon.
             The game lasted 00:09:27 (3036 turns).

Ceno the Sneak (Naga Ice Elementalist)              Turns: 3036, Time: 00:09:27

Health: -1/42      AC:  8    Str: 16    XL:     5   Next: 38%
Magic:  4/10       EV:  8    Int: 17    God:    Vehumet [......]
Gold:   139        SH:  0    Dex: 11    Spells: 4/11 levels left

rFire   . . .        c - +0 spear
rCold   . . .        (no shield)
rNeg    . . .        h - +0 ring mail
rPois   +            (no helmet)
rElec   .            k - +0 cloak
rCorr   .            (no gloves)
SInv    +            (no barding)
Will    +....        (no amulet)
Stlth   ++           u - ring of Uxtu {Will+ Str+5}
HPRegen 0.27/turn    (no ring)
MPRegen 0.12/turn

%: no passive effects
@: ice-armoured, very slow
A: AC +1, large, see invisible, deformed body, poison resistance, slowness 2,
spit poison 1, naga tail 1
a: Spit Poison, Renounce Religion


You were on level 4 of the Dungeon.
You worshipped Vehumet.
Vehumet was noncommittal.
You visited 1 branch of the dungeon, and saw 4 of its levels.

You collected 139 gold pieces.

Inventory:

Hand Weapons
 c - a +0 spear (weapon)
Missiles
 e - 38 stones (quivered)
 l - 5 poisoned darts
Armour
 h - a +0 ring mail (worn)
 j - a +0 scale mail
 k - a +0 cloak (worn)
Jewellery
 t - an amulet of faith
 u - the ring of Uxtu (left hand) {Will+ Str+5}
   (You found it on level 3 of the Dungeon)

   [ring of willpower]

   Str+5:     It affects your strength (+5).
   Will+:     It increases your willpower.
Scrolls
 a - 5 scrolls of identify {unknown}
 d - a scroll of fear {unknown}
 g - a scroll of revelation {unknown}
 i - 2 scrolls of noise {unknown}
 m - a scroll of enchant armour {unknown}
 o - a scroll of fog {unknown}
 q - a scroll of amnesia {unknown}
 r - a scroll of blinking {unknown}
Potions
 b - a potion of magic
 f - a potion of might {unknown}
 n - 2 potions of enlightenment {unknown}
 p - a potion of haste {unknown}
 s - a potion of lignification {unknown}


   Skills:
 - Level 1.5 Dodging
 + Level 4.8 Stealth
 * Level 3.8 Spellcasting
 + Level 4.7 Ice Magic


You had 4 spell levels left.
You knew the following spells:

 Your Spells              Type           Power      Damage    Failure   Level
a - Freeze                Ice            76%        1d8       4%          1
b - Frozen Ramparts       Ice            38%        1d6       13%         3
c - Ozocubu's Armour      Ice            19%        N/A       13%         3

Your spell library contained the following spells:

 Spells                   Type           Power      Damage    Failure   Level
 Summon Ice Beast         Ice/Summ       11%        N/A       34%         3
 Fugue of the Fallen      Necr           3%         N/A       67%         3
 Manifold Assault         Tloc           3%         N/A       97%         4


Dungeon Overview and Level Annotations

Branches:
Dungeon (4/15)
 Temple: D:4-7

Altars:
Vehumet

Shops:
D:3 ?   D:4 [

Annotations:
D:4 Grinder, Sigmund


Innate Abilities, Weirdness & Mutations

Your serpentine skin is tough. (AC +1)
You have supernaturally acute eyesight. (SInv)
Armour fits poorly on your strangely shaped body.
Your system is resistant to poisons. (rPois)
You cover ground very slowly.
You can spit poison.
You have a snake-like lower body.


Message History

Aiming: Freeze (safe; 4% risk of failure)
Press: ? - help, Shift-Dir - straight line, f - Grinder
Aim: Grinder You freeze Grinder.
Grinder resists.
Grinder is lightly wounded.
Grinder completely resists.
The wall freezes Grinder but does no damage.
Grinder blinks!
You start resting.
Grinder is nearby!
The frozen ramparts melt away.
Grinder blinks!
Casting: Freeze (safe; 4% risk of failure)
Confirm with . or Enter, or press ? or * to list all spells.
Aiming: Freeze (safe; 4% risk of failure)
Press: ? - help, Shift-Dir - straight line, f/p - Grinder
Aim: Grinder (lightly wounded)
You freeze Grinder but do no damage.
Grinder completely resists.
Grinder hits you but does no damage.
Unknown command.
You barely miss Grinder.
Grinder is lightly wounded.
Grinder hits you.
You writhe in agony.
Grinder hits you!
You writhe in agony.
You hit Grinder.
Grinder is lightly wounded.
Grinder hits you.
You writhe in agony.
You are too injured to fight recklessly!
You hit Grinder.
Grinder is lightly wounded.
Grinder hits you.
* * * LOW HITPOINT WARNING * * *
You writhe in agony.
* * * LOW HITPOINT WARNING * * *
You barely miss Grinder. Your punch misses Grinder.
Grinder is lightly wounded.
Grinder hits you but does no damage.
You barely miss Grinder.
Grinder is lightly wounded.
Grinder hits you!
You die...
Grinder says, "Hey, I wasn't done torturing you yet!"

..... #.####.####.#
.... #....#...##.#
.5. ####5###.##.# ..
#...#.##.# .
###.#.#..#
####.#.#.#####
#....#.#.....#
#.####.#####.#
#@5.##.### #.# .
+.#.#....# #.###
....#.#....#.# #...#
...........#.#####.#
...........#...# #.#
..........####.# #.#
..........# #.###.##
..........# #......#
#########.# ########


You could see Grinder.

Vanquished Creatures
  An iguana (D:3)
  An orc wizard (D:3)
  An adder (D:3)
  2 dart slugs (D:2)
  4 ribbon worms (D:3)
  3 orcs
  8 ball pythons
  12 endoplasms
  4 giant cockroaches
  7 hobgoblins
  7 kobolds
  3 quokkas
  7 bats
  4 frilled lizards
  5 goblins
  3 rats (D:1)
72 creatures vanquished.

Notes
Turn   | Place    | Note
-------+----------+-------------------------------------------
     0 | D:1      | Ceno the Naga Ice Elementalist began the quest for the Orb.
     0 | D:1      | Reached XP level 1. HP: 15/15 MP: 3/3
   191 | D:1      | Reached XP level 2. HP: 22/22 MP: 3/5
   631 | D:1      | Reached XP level 3. HP: 28/28 MP: 6/6
   635 | D:1      | Learned a level 3 spell: Frozen Ramparts
  1776 | D:2      | Reached XP level 4. HP: 36/36 MP: 5/8
  1781 | D:2      | Learned a level 3 spell: Ozocubu's Armour
  2053 | D:2      | Found a radiant altar of Vehumet.
  2066 | D:2      | Became a worshipper of Vehumet
  2171 | D:3      | Found Nuin's Magic Scroll Shoppe.
  2390 | D:3      | Found a faded altar of an unknown god.
  2496 | D:3      | Reached XP level 5. HP: 42/42 MP: 10/10
  2807 | D:3      | Identified the ring of Uxtu {Will+ Str+5}
  2903 | D:4      | Noticed Sigmund
  3007 | D:4      | Found Tien's Armour Shoppe.
  3008 | D:4      | Noticed Grinder
  3021 | D:4      | Paralysed by Grinder for 3 turns
  3036 | D:4      | Slain by Grinder

Illustrated notes

Levels and vault maps discovered:
D:1:      roderic_crop_circles_arrival_small, layout_loops_corners
D:2:      layout_loops_ring, basic_altar
D:3:      layout_loops_ring, serial_shops, nicolae_shop_gibbet_a_chance,
          hellmonk_ecumenical_altar_heavens_door
D:4:      layout_basic, mainiacjoe_overflow_surrounded_room,
          portal_sewer_entry_f, gammafunk_ghost_split, serial_shops,
          nicolae_shop_tiny_statue_garden, minmay_mini_ossuary, uniq_robin,
          uniq_sigmund, uniq_edmund, uniq_grinder

Skill      XL: |  1  2  3 |
---------------+----------+-----
Spellcasting   | 3 |  3.8
Stealth        | 4 |  4.8
Dodging        | |  1.5
Ice Magic      | |  4.7

Action                     |  1- 3 |  4- 6 || total
---------------------------+-------+-------++-------
  Melee: Spear             |    37 |    30 ||    67
         Punch             |     1 |       ||     1
  Throw: Stone             |     2 |     1 ||     3
   Cast: Freeze            |    26 |    30 ||    56
         Frozen Ramparts   |       |     2 ||     2
         Ozocubu's Armour  |       |     1 ||     1
Ability: Spit Poison       |    40 |    19 ||    59
   Stab: Sleeping          |     3 |       ||     3
 Armour: Robe              |    18 |       ||    18
         Ring mail         |     5 |    35 ||    40
  Dodge: Dodged            |    13 |    14 ||    27

Table legend: (Time is in decaauts)
 A = Elapsed time spent in this place.
 B = Non-inter-level travel time spent in this place.
 C = Inter-level travel time spent in this place.
 D = Time resting spent in this place.
 E = Time spent auto-exploring this place.
 F = Levels seen in this place.
 G = Mean time per level.
                   A        B        C        D        E       F      G
               +--------+--------+--------+--------+--------+-----+--------+
         Total |   3909 |   3789 |    120 |    262 |   2285 |   4 |  977.2 |
       Dungeon |   3909 |   3789 |    120 |    262 |   2285 |   4 |  977.2 |
               +--------+--------+--------+--------+--------+-----+--------+

Top non-repeatable levels by time:
     D:1: 1648 daAuts
     D:2: 1133 daAuts
     D:3: 977 daAuts
     D:4: 150 daAuts
